 Dungeon Crawl Stone Soup version 0.30-a0-6-g7c9e10e132 (webtiles) character file.

Game seed: 13985240697831788822

2597 SensoryNuts the Cleaver (level 9, 0/75 HPs)
             Began as a Red Draconian Fighter on Aug 22, 2022.
             Slain by a boulder beetle (22 damage)
             ... on level 7 of the Dungeon.
             The game lasted 00:06:18 (6243 turns).

SensoryNuts the Cleaver (Red Draconian Fighter)     Turns: 6243, Time: 00:06:20

Health: 0/75       AC:  7    Str: 23      XL:     9   Next: 33%
Magic:  8/8        EV: 14    Int:  7 (8)  God:
Gold:   263        SH:  8    Dex: 17      Spells: 8/8 levels left

rFire   + . .      SeeInvis .    a - +0 war axe
rCold   . . .      Faith    .    b - +2 buckler
rNeg    . . .      Spirit   .    (body armour unavailable)
rPois   .          Reflect  .    (helmet restricted)
rElec   .          Harm     .    (no cloak)
rCorr   .          Rampage  .    (no gloves)
Will    .....                    (no boots)
Stlth   ++........               f - amulet of regeneration
HPRegen 1.02/turn                e - +6 ring of dexterity
MPRegen 0.11/turn                (no ring)

@: short of breath
A: breathe fire, AC +7, unfitting armour, fire resistance 1, cold-blooded, horns
1, low MP 1
a: Breathe Fire


You were on level 7 of the Dungeon.
You visited 2 branches of the dungeon, and saw 8 of its levels.

You collected 263 gold pieces.

Inventory:

Hand Weapons
 a - a +0 war axe (weapon)
Missiles
 c - a throwing net (quivered)
Armour
 b - a +2 buckler (worn)
Jewellery
 e - a +6 ring of dexterity (left hand)
 f - an amulet of regeneration (around neck)
 g - an amulet of reflection
 i - an amulet of magic regeneration
 m - a ring of protection from fire
 q - an amulet of guardian spirit
Wands
 k - a wand of roots (9)
 u - a wand of quicksilver (14)
Scrolls
 d - 2 scrolls of fear {unknown}
 h - a scroll of brand weapon {unknown}
 l - 5 scrolls of magic mapping
 n - 3 scrolls of vulnerability
 o - 3 scrolls of teleportation
 v - 2 scrolls of identify
Potions
 j - a potion of flight
 r - a potion of degeneration
 s - 4 potions of brilliance


   Skills:
 + Level 5.8 Fighting
 * Level 9.1 Axes
 + Level 5.3 Dodging
 + Level 2.6 Stealth
 + Level 6.2 Shields


You had 8 spell levels left.
You didn't know any spells.
Your spell library contained the following spells:

 Spells                   Type           Power      Damage    Failure   Level
 Foxfire                  Conj/Fire      0%         2x1d4     52%         1
 Poisonous Vapours        Pois/Air       0%         N/A       65%         2
 Conjure Flame            Conj/Fire      0%         6-21      87%         3
 Inner Flame              Hex/Fire       0%         N/A       87%         3
 Corpse Rot               Necr/Pois/Air  0%         N/A       99%         4
 Flame Wave               Conj/Fire      0%         2d4       99%         4


Dungeon Overview and Level Annotations

Branches:
Dungeon (7/15)             Temple (1/1) D:6

Altars:
Elyvilon
Fedhas
Hepliaklqana
Kikubaaqudgha
Makhleb
Okawaru
Qazlal
Ru
Sif Muna
Trog
Uskayaw
Wu Jian
Xom
Yredelemnul
The Shining One

Shops:
D:3 (

Annotations:
D:3 exclusion: oklob plant


Innate Abilities, Weirdness & Mutations

You can breathe blasts of fire.
Your fiery red scales are hard. (AC +7)
You cannot fit into any form of body armour.
Your flesh is heat resistant. (rF+)
You are cold-blooded and may be slowed by cold attacks.
You have a pair of small horns on your head.
Your magical capacity is low. (-10% MP)


Message History

f - an amulet of regeneration (around neck)
There is an open door here.
You open the door.
Found a chain mail.
There is an open door here.
h - a scroll labelled NAGRUTYMIRR You open the door.
A boulder beetle comes into view.
The boulder beetle curls into a ball and begins rolling!
There is an open door here.
The boulder beetle hits you!!!
Ouch! That really hurt!
The boulder beetle stops rolling and uncurls.
You are too injured to fight recklessly!
You are too injured to fight recklessly!
You are too injured to fight recklessly!
You are too injured to fight recklessly!
Unknown command.
You feel much better. The boulder beetle bites you!!
You feel much better. The boulder beetle bites you!!
You slash the boulder beetle!
The boulder beetle is lightly wounded.
You block the boulder beetle's attack.
You hit the boulder beetle but do no damage.
You headbutt the boulder beetle!
The boulder beetle is moderately wounded.
The boulder beetle bites you!!
* * * LOW HITPOINT WARNING * * *
You are too injured to fight recklessly!
You are too injured to fight recklessly!
You are too injured to fight recklessly!
Unknown command.
Aiming: Breathe Fire (4% risk of failure)
Press: ? - help, Shift-Dir - straight line, f - boulder beetle
Aim: a boulder beetle (moderately wounded, 100% to hit)
You breathe a blast of fire.
The fiery breath hits the boulder beetle.
The boulder beetle is moderately wounded.
The boulder beetle bites you!!
You die...

####+#### #☼......#
##.......## +.........+
.##### ##....B....##
'#...#+# #......@....#
.......#####.......###
.....)...#.#+#...#'#.#
.....)..##...#####...##.##
.....)..'......#......+..#
.......##......#......##.#
.......#.......#.......#.#
###'####.......+.......#.#
.......#.......#.......#.#


You could see a boulder beetle.

Vanquished Creatures
  Pikel (D:5)
  A troll (D:6)
  A steam dragon (D:7)
  A water moccasin (D:6)
  A black bear (D:6)
  An ice beast (D:6)
  An ogre (D:4)
  3 lemures (D:5)
  Blork the orc (D:5)
  A necrophage (D:6)
  4 scorpions
  5 wights (D:7)
  4 killer bees (D:5)
  3 jellies (D:6)
  3 hounds
  An orc priest (D:4)
  Natasha (thrice) (D:3)
  4 iguanas
  An orc wizard (D:5)
  Robin (D:3)
  4 gnolls (D:2)
  6 adders
  A white imp (D:6)
  A worm (D:2)
  4 dart slugs
  14 orcs
  3 endoplasms
  5 giant cockroaches (D:1)
  13 goblins
  8 hobgoblins
  A quokka (D:3)
  3 ball pythons
  5 bats
  4 frilled lizards
  10 kobolds
  8 rats
131 creatures vanquished.

Notes
Turn   | Place    | Note
-------+----------+-------------------------------------------
     0 | D:1      | SensoryNuts the Draconian Fighter began the quest for the
                  | Orb.
     0 | D:1      | Reached XP level 1. HP: 19/19 MP: 1/1
   151 | D:1      | Reached XP level 2. HP: 25/26 MP: 2/2
   567 | D:1      | You fall into a shaft and drop 1 floor!
   624 | D:2      | Reached XP level 3. HP: 26/33 MP: 3/3
   944 | D:2      | Reached XP level 4. HP: 27/40 MP: 4/4
  1711 | D:1      | Found a faded altar of an unknown god.
  1724 | D:1      | Reached skill level 3 in Axes
  1928 | D:2      | You fall into a shaft and drop 1 floor!
  1940 | D:3      | Noticed Robin
  1950 | D:3      | Found a hide-covered altar of Uskayaw.
  1976 | D:3      | Killed Robin
  2293 | D:3      | Noticed Natasha
  2295 | D:3      | Found Touhiom's Antique Weapon Emporium.
  2303 | D:3      | Killed Natasha
  2304 | D:3      | Reached XP level 5. HP: 29/46 MP: 5/5
  2519 | D:3      | Found a blossoming altar of Fedhas.
  2530 | D:3      | Noticed an oklob plant
  2626 | D:3      | Noticed Natasha
  2633 | D:3      | Killed Natasha
  2660 | D:3      | Noticed Natasha
  2668 | D:3      | Killed Natasha
  2669 | D:3      | Reached skill level 4 in Axes
  2808 | D:3      | Found a burning altar of Makhleb.
  2809 | D:3      | Found a glowing golden altar of the Shining One.
  3147 | D:4      | Noticed an ogre
  3158 | D:4      | Killed an ogre
  3159 | D:4      | Reached XP level 6. HP: 40/52 MP: 6/6
  3358 | D:4      | Reached skill level 1 in Stealth
  3608 | D:4      | Found a shimmering altar of Xom.
  3731 | D:4      | Reached skill level 5 in Axes
  3766 | D:5      | Entered Level 5 of the Dungeon
  3823 | D:5      | Noticed Pikel
  3838 | D:5      | Killed Pikel
  3839 | D:5      | Reached skill level 6 in Axes
  3839 | D:5      | Your scales start taking on a fiery red colour.
  3839 | D:5      | Reached XP level 7. HP: 34/60 MP: 7/7
  3839 | D:5      | Gained mutation: Your flesh is heat resistant. (rF+) [Red
                  | Draconian growth]
  4054 | D:5      | Reached skill level 5 in Shields
  4054 | D:5      | Reached XP level 8. HP: 61/67 MP: 8/8
  4452 | D:5      | Reached skill level 7 in Axes
  4476 | D:5      | Reached skill level 5 in Fighting
  4477 | D:5      | Noticed Blork the orc
  4485 | D:5      | Killed Blork the orc
  5063 | D:6      | Reached skill level 5 in Dodging
  5244 | D:6      | Reached skill level 8 in Axes
  5412 | D:6      | Found a staircase to the Ecumenical Temple.
  5517 | Temple   | Entered the Ecumenical Temple
  5614 | D:6      | Noticed a troll
  5620 | D:6      | Gained mutation: Your magical capacity is low. (-10% MP)
                  | [potion of mutation]
  5620 | D:6      | Gained mutation: You have a pair of small horns on your
                  | head. [potion of mutation]
  5624 | D:6      | Killed a troll
  5625 | D:6      | Reached XP level 9. HP: 17/75 MP: 8/8
  6129 | D:7      | Reached skill level 9 in Axes
  6235 | D:7      | Noticed a boulder beetle
  6243 | D:7      | Slain by a boulder beetle

Illustrated notes

Levels and vault maps discovered:
D:1:      spicycebolla_green_bress_n_ham_2, layout_basic,
          chequers_ecumenical_altar_simple, kennysheep_flooded_box,
          minmay_fountain_box
D:2:      layout_loops_corners, nicolae_concentric_dashed_squares_mild
D:3:      layout_basic, tgw_fedhas, mainiacjoe_overflow_divided_tiny,
          nicolae_uskayaw_dance_hall, serial_shops, shop,
          uniq_crazy_yiuf_cottage, uniq_natasha, uniq_robin
D:4:      layout_cave_pools, mainiacjoe_overflow_24_doors
D:5:      minmay_polygon_palace, layout_rooms, enter_ossuary_3,
          minmay_misc_feat_tower, grunt_decor_cap, uniq_blork_the_orc,
          uniq_pikel
D:6:      layout_cave_pods, minmay_temple_entry_grid
D:7:      nicolae_cairo_tiling_very_big, layout_gridville, enter_bailey_3
Temple:   hellmonk_temple_micro_hex

Skill      XL: |  1  2  3  4  5  6  7  8  9 |
---------------+----------------------------+-----
Dodging        | 3 4 5 |  5.3
Axes           | 3 4 6 8 9 |  9.1
Fighting       | 4 5 |  5.8
Shields        | 4 5 6 |  6.2
Stealth        | 1 2 |  2.6

Action                   |  1- 3 |  4- 6 |  7- 9 || total
-------------------------+-------+-------+-------++-------
Melee: War axe           |    63 |   193 |   169 ||   425
       Tailslap          |    10 |    17 |    28 ||    55
       Headbutt          |       |       |    11 ||    11
 Abil: Breathe Fire      |       |       |     2 ||     2
  Use: Potion            |     2 |     6 |     7 ||    15
       Scroll            |       |     8 |       ||     8
 Stab: Sleeping          |     1 |     2 |     3 ||     6
       Distracted        |       |       |     1 ||     1
Armor: Skin              |    10 |    45 |    45 ||   100
Dodge: Dodged            |    33 |    89 |    76 ||   198
Block: Buckler           |    33 |   101 |   120 ||   254
       Reflection        |     2 |     2 |       ||     4

Table legend: (Time is in decaauts)
 A = Elapsed time spent in this place.
 B = Non-inter-level travel time spent in this place.
 C = Inter-level travel time spent in this place.
 D = Time resting spent in this place.
 E = Time spent auto-exploring this place.
 F = Levels seen in this place.
 G = Mean time per level.
                   A        B        C        D        E       F      G
               +--------+--------+--------+--------+--------+-----+--------+
         Total |   6382 |   5965 |    417 |      0 |   4915 |   8 |  797.8 |
       Dungeon |   6380 |   5963 |    417 |      0 |   4915 |   7 |  911.4 |
        Temple |      1 |      1 |      0 |      0 |      0 |   1 |    1.0 |
               +--------+--------+--------+--------+--------+-----+--------+

Top non-repeatable levels by time:
     D:6: 1341 daAuts
     D:3: 1244 daAuts
     D:2: 1160 daAuts
     D:5: 977 daAuts
     D:1: 811 daAuts
     D:4: 651 daAuts
     D:7: 195 daAuts
  Temple: 1 daAuts
